 Dungeon Crawl Stone Soup version 0.29.1-12-g30fa7ad0bf (webtiles) character file.

Game seed: 14953760076886016870

35 zeram the Grave Robber (level 3, -2/31 HPs)
             Began as a Troll Necromancer on Dec 13, 2022.
             Slain by a gnoll
             ... wielding a +0 spear
              (5 damage)
             ... on level 3 of the Dungeon.
             The game lasted 00:02:38 (1429 turns).

zeram the Grave Robber (Troll Necromancer)          Turns: 1429, Time: 00:02:39

Health: -2/31      AC:  6    Str: 16    XL:     3   Next: 17%
Magic:  13/13      EV: 10    Int: 13    God:
Gold:   95         SH:  0    Dex: 10    Spells: 3/4 levels left

rFire   . . .      SeeInvis .   g - +0 club
rCold   . . .      Faith    .   (no shield)
rNeg    + . .      Spirit   .   a - +2 robe
rPois   .          Reflect  .   (helmet restricted)
rElec   .          Harm     .   (no cloak)
rCorr   .          Rampage  .   (gloves unavailable)
Will    .....                   (boots unavailable)
Stlth   +.........              (no amulet)
HPRegen 0.90/turn               h - ring of magical power
MPRegen 0.13/turn               k - ring of positive energy

@: no status effects
A: large, unfitting armour, claws 3, regeneration 1, shaggy fur 1, tough skin 1
a: no special abilities


You were on level 3 of the Dungeon.
You visited 1 branch of the dungeon, and saw 3 of its levels.

You collected 95 gold pieces.

Inventory:

Hand Weapons
 c - a +2 dagger of draining
 g - a +0 club (weapon)
Armour
 a - a +2 robe (worn)
Jewellery
 h - a ring of magical power (left claw)
 k - a ring of positive energy (right claw)
 l - an amulet of guardian spirit
Potions
 b - a potion of magic
 d - a potion of heal wounds
 e - 2 potions of mutation
 f - 2 potions of haste {unknown}


   Skills:
 + Level 0.2 Maces & Flails
 + Level 2.0 Dodging
 - Level 1.0 Stealth
 + Level 1.3 Spellcasting
 + Level 3.8 Necromancy


You had 3 spell levels left.
You knew the following spells:

 Your Spells              Type           Power      Damage    Failure   Level
a - Necrotise             Necr           40%        1d6       5%          1

Your spell library contained the following spells:

 Spells                   Type           Power      Damage    Failure   Level
 Vampiric Draining        Necr           10%        2d6       17%         3
 Slow                     Hex            0%         N/A       26%         1
 Confusing Touch          Hex            0%         N/A       63%         3
 Animate Dead             Necr           10%        N/A       50%         4
 Agony                    Necr           10%        N/A       83%         5


Dungeon Overview and Level Annotations

Branches:
Dungeon (3/15)

Altars:


Innate Abilities, Weirdness & Mutations

You are too large for most types of armour.
You have claws for hands.
Your natural rate of healing is unusually fast.
You are covered in fur. (AC +1)
You have tough skin. (AC +1)


Message History

You are too injured to fight recklessly!
You are too injured to fight recklessly!
You are too injured to fight recklessly!
You are too injured to fight recklessly!
You are too injured to fight recklessly!
You are too injured to fight recklessly!
You are too injured to fight recklessly!
You are too injured to fight recklessly!
You are too injured to fight recklessly!
Unknown command.
The air fills with toxic fumes!
As you read the scroll labelled FITO SAURGH, it crumbles to dust.
It was a scroll of poison.
The gnoll barely misses you.
The gnoll hits you from afar with a +0 spear.
* * * LOW HITPOINT WARNING * * *
It was a potion of heal wounds.
You feel much better. The gnoll hits you with a +0 club.
The gnoll barely misses you. The gnoll hits you with a +0 flail!
You hit the gnoll. You claw the gnoll, but do no damage.
The gnoll is heavily wounded.
The gnoll closely misses you. The gnoll misses you.
You hit the gnoll.
The gnoll is severely wounded.
The gnoll hits you with a +0 club.
The gnoll hits you from afar with a +0 spear.
The gnoll misses you.
You closely miss the gnoll.
The gnoll is severely wounded.
The gnoll hits you from afar with a +0 spear.
The gnoll hits you with a +0 club.
* * * LOW HITPOINT WARNING * * *
The gnoll closely misses you. x2
The gnoll hits you from afar with a +0 spear.
* * * LOW HITPOINT WARNING * * *
You hit the gnoll.
The gnoll is almost dead.
The gnoll hits you with a +0 club.
* * * LOW HITPOINT WARNING * * *
The gnoll hits you from afar with a +0 spear.
You die...

.##............†.......
.......§§§..>#...######
#.....☼§###.#...#.....
#.####§§# #.#...#.####
#☼§# #.#...#.#...
..#.####§§# #.#...#.#.##
......§§☼§###§#...#.#...
..#.###§§§§☼§§#####.####
#g@§§§§§§# #.....
#§g##+##§§# ###### #☼§g#
#... #§§§ ... +☼§. ..
#§§ #§. #§


You could see 3 gnolls.

Vanquished Creatures
  3 orcs (D:3)
  4 bats
  3 endoplasms (D:1)
  2 giant cockroaches (D:1)
  A goblin (D:1)
  2 hobgoblins
  2 kobolds (D:1)
  A quokka (D:1)
  4 ball pythons
  4 frilled lizards (D:1)
  2 rats (D:1)
28 creatures vanquished.

Notes
Turn   | Place    | Note
-------+----------+-------------------------------------------
     0 | D:1      | zeram the Troll Necromancer began the quest for the Orb.
     0 | D:1      | Reached XP level 1. HP: 16/16 MP: 1/1
   120 | D:1      | Reached XP level 2. HP: 24/24 MP: 2/2
  1236 | D:3      | Reached XP level 3. HP: 22/31 MP: 4/4
  1429 | D:3      | Slain by a gnoll

Illustrated notes

Levels and vault maps discovered:
D:1:      dpeg_arrival_simpleton_a, layout_rooms, dreamdust_mushroom_princess,
          nicolae_concentric_dashed_squares_wild, kennysheep_another_room
D:2:      layout_loops_ring
D:3:      layout_basic, grunt_temple_overflow_growth_and_decay, minivault_25,
          hangedman_abyss_or_decor_stabs, minmay_misc_feat_chi,
          kennysheep_jessica_study, uniq_sigmund

Skill      XL: |  1  2  3 |
---------------+----------+-----
Dodging        | 2 |  2.0
Maces & Flails | |  0.2
Stealth        | |  1.0
Spellcasting   | |  1.3
Necromancy     | |  3.8

Action                   || total
-------------------------++-------
Melee: Unarmed           ||    15
       Punch             ||     3
       Club              ||   152
       Dagger            ||    22
 Cast: Necrotise         ||     1
  Use: Scroll            ||     4
       Potion            ||     1
 Stab: Sleeping          ||     4
Armor: Robe              ||   109
Dodge: Dodged            ||   117
